[Event "*** Titled Tuesday 3|2 Blitz"]
[Site "Chess.com"]
[Date "2017.06.06"]
[Round "6"]
[White "Ginger_GM"]
[Black "gmcorrales"]
[Result "0-1"]
[WhiteElo "2429"]
[BlackElo "2545"]
[TimeControl "180+2"]
[EndTime "15:09:14 PDT"]
[Termination "gmcorrales won on time"]

1. d4 Nf6 2. Bf4 g6 3. Nc3 d5 4. e3 Bg7 5. h4 h5 6. Be2 c6 7.
Nf3 Bg4 8. Ne5 Bxe2 9. Qxe2 Nbd7 10. O-O O-O 11. a4 a5 12. f3 Nxe5 13. Bxe5 Qb6 14. b3 Nd7 15. Bxg7 Kxg7 16. Rad1 e5 17. Qd3 Rae8 18.
e4 Nf6 19. Kh1 exd4 20. Qxd4 Qxd4 21. Rxd4 dxe4 22. Nxe4 Nxe4 23. fxe4 Re7 24. Kg1 Rfe8 25. Rf4 c5 26. Rd5 b6 27. Rd6 Re6 28. Rd7 R8e7 29.
Rxe7 Rxe7 30. Kf2 f6 31. Ke3 f5 32. Kd3 Rd7+ 33. Ke3 Kf6 34. exf5 gxf5 35. Rf1 Ke5 36.
g3 Rd4 37. Rf2 Rg4 38. Kf3 c4 39. Rd2 f4 40. Re2+ Kf5 41. gxf4 Rxf4+ 42. Kg3 Rg4+ 43. Kh3 Re4 44. Rg2 Re3+ 45. Kh2 cxb3 46. cxb3 Rxb3 47. Rg5+ Kf4 48. Rxh5 Rb4 49. Rh6 Kg4 50. Kg2 Kf4 51. Kf2 Ke5 52. h5 Kd5 53. Kg3 Kc5 54. Rg6 Rxa4 55. h6 Ra1 56. Kg2 Ra2+ 57. Kg3 Ra3+ 58. Kg2 Ra4 59. Kg3 Ra3+ 60. Kg2 Ra2+ 61. Kh3 Ra1 62.
Rg2 Rh1+ 63. Rh2 Re1 64. h7 Re8 65. Kg4 Rh8 66. Kf5 a4 67. Ke4 Kc4 68. Rc2+ Kb3 69. Rc7 b5 70. Kd4 b4 71. Kc5 a3 72. Rb7 a2 73.
Rxb4+ Ka3 0-1

[Event "*** Titled Tuesday 3|2 Blitz"]
[Site "Chess.com"]
[Date "2017.06.06"]
[Round "6"]
[White "IMRosen"]
[Black "WeiYi1999"]
[Result "1/2-1/2"]
[WhiteElo "2234"]
[BlackElo "2128"]
[TimeControl "180+2"]
[EndTime "15:09:18 PDT"]
[Termination "Game drawn by repetition"]

1. d4 Nf6 2. Bf4 e6 3. e3 d5 4. Nf3 b6 5. c4 Bb7 6. Nc3 Be7 7. Rc1 O-O 8. cxd5 Nxd5 9. Nxd5 Qxd5 10. Bd3 c5 11. Bc4 Qe4 12. Bd3 Qd5 13. Bc4 Qe4 14.
O-O Nc6 15. Bd3 Qd5 16. dxc5 Bxc5 17. Bb1 Qxd1 18. Rfxd1 Rfd8 19. a3 Rxd1+ 20. Rxd1 Rd8 21. Rc1 Bd6 22. Bxd6 Rxd6 23. Kf1 Kf8 24. Ke1 Ke7 25. b4 g6 26. h4 Nd8 27. Rc7+ Rd7 28. Rxd7+ Kxd7 29. Ne5+ Ke7 30. g4 f6 31. Nc4 Nf7 32. f4 Nd6 33. Nxd6 Kxd6 34. g5 f5 35. Kd2 e5 36. Kc3 Bc6 37. Bc2 Bd5 38. Bd1 Be4 39. h5 a6 40. h6 Ke6 41. Be2 b5 42. Bd1 Bd5 43. a4 Bc6 44. a5 Be4 45. Bb3+ Bd5 46.
Bd1 Bc4 47. Bf3 e4 48. Bd1 Kd6 49. Kd4 Be6 50. Bc2 Bc4 51. Bd1 Be6 52. Kc3 Bc4 53. Bc2 Bd5 54. Bb1 Bc4 55. Kd4 Be6 56. Bc2 Bd5 57.
Bd1 Be6 58. Be2 Bd5 59. Bf1 Bc6 60. Bg2 Bd5 61. Bh3 Be6 62. Bf1 Bd5 63. Bg2 Bc6 64. Bh3 Bd5 65. Bf1 Be6 66. Be2 Bd5 67. Bd1 Be6 68.
Bc2 Bd5 69. Kc3 Be6 70. Bb1 Bd5 71. Kb2 Bc6 72. Bc2 Bd5 73. Bb1 Bc6 74. Ba2 Bd5 75.
Bb1 Be6 76. Kc3 Bd5 77. Bc2 Be6 78. Kd4 Bc4 79. Bd1 Be6 1/2-1/2

[Event "*** Titled Tuesday 3|2 Blitz"]
[Site "Chess.com"]
[Date "2017.06.06"]
[Round "6"]
[White "FearlessKing64"]
[Black "Wolverine_master"]
[Result "1-0"]
[WhiteElo "2160"]
[BlackElo "1992"]
[TimeControl "180+2"]
[EndTime "15:09:18 PDT"]
[Termination "FearlessKing64 won on time"]

1. e4 d5 2. exd5 Qxd5 3. Nc3 Qd6 4. d4 Nf6 5. g3 a6 6. Bg2 Nc6 7.
Nge2 Bg4 8. Bf4 Qb4 9. O-O O-O-O 10. h3 Bh5 11. Bxc6 bxc6 12. Qd3 Qb6 13. Na4 Qb5 14. Nec3 Qxd3 15. cxd3 e6 16. Nc5 Bxc5 17. dxc5 Rxd3 18. Be5 Rhd8 19. a4 Bf3 20. Na2 Kb7 21. Nb4 Rd2 22. Bc3 R2d7 23. Nc2 Rd5 24. b4 Rd3 25. Bxf6 gxf6 26. Ne3 Rb3 27. Nc4 Rxb4 28. Rfc1 Rd4 29. Na5+ Kc8 30. Rc3 Rxa4 31. Rxa4 Rxa4 32. Rxf3 Rxa5 33. Rxf6 Rxc5 34. Rxf7 a5 35. Rxh7 a4 36. Rh4 Ra5 37. Rb4 a3 38. Rb1 a2 39. Ra1 c5 40. Kf1 c4 41. Ke2 Kd7 42. Kd2 Kd6 43. Kc3 Kd5 44. h4 Kc5 45. f3 Ra3+ 46. Kc2 Rxf3 47. Rxa2 Rxg3 48. Ra5+ Kd6 49. h5 Rh3 50. Rg5 e5 51. Rg6+ Kd5 52. h6 c5 53. Kd2 Rh2+ 54. Kc3 Rh3+ 55. Kc2 Ke4 56. Rc6 Kd5 57. Rg6 e4 58.
Kd2 c3+ 59. Kc2 Kc4 60. Rd6 Rh2+ 61. Kc1 e3 62. Re6 e2 63. h7 Rxh7 64. Rxe2 Kd3 65. Re1 Rh2 66. Rd1+ Rd2 67. Rg1 Re2 68. Rd1+ Kc4 69.
Rd8 c2 70. Rh8 Kb4 71. Rb8+ Kc3 72. Rb3+ Kc4 73. Rc3+ Kb4 74. Rb3+ 1-0

[Event "*** Titled Tuesday 3|2 Blitz"]
[Site "Chess.com"]
[Date "2017.06.06"]
[Round "6"]
[White "dtn70"]
[Black "yian123"]
[Result "0-1"]
[WhiteElo "2205"]
[BlackElo "2407"]
[TimeControl "180+2"]
[EndTime "15:09:24 PDT"]
[Termination "yian123 won by resignation"]

1. e4 e5 2. Nf3 Nc6 3. Bb5 a6 4.
Bxc6 dxc6 5. O-O Qf6 6. d3 Bd6 7. Nbd2 c5 8. a4 Ne7 9. Nc4 Nc6 10. h3 h6 11. Be3 Be6 12. b3 O-O 13. c3 Qg6 14.
Kh1 Rad8 15. Qe2 b6 16. Rad1 b5 17. axb5 axb5 18. Nxd6 cxd6 19. d4 cxd4 20. cxd4 Qxe4 21. Qxb5 Rb8 22. Qe2 Bxb3 23. Rd2 Na5 24. Re1 Nc4 25. Rd3 Na5 26. Nd2 Qg6 27. Nxb3 Nxb3 28. dxe5 dxe5 29. Rb1 Nd4 30. Qd1 Rxb1 31. Qxb1 Ne6 32. Qd1 Qf6 33. Rd6 Rd8 34. Rxd8+ Qxd8 35. Qxd8+ Nxd8 36. Kh2 Ne6 37. Kg1 f5 38. Kf1 Kf7 39. Ke2 f4 40. Bb6 e4 41.
Ba7 Kf6 42. Bb8 Kf5 43. Ba7 g5 44. Bb8 h5 45. Ba7 Ke5 46. Bb8+ Kd5 47. Ba7 Nd4+ 48. Kf1 f3 49. gxf3 exf3 50. Bb8 Ke4 51. Bc7 Ne6 52.
Bb6 Nf4 53. h4 g4 54. Bc7 Ng6 55. Bd8 Kf4 56. Kg1 Kf5 57. Kf1 Nf4 58. Kg1 Ne6 59.
Be7 Nc7 60. Bd6 Nd5 61. Bg3 Nc3 62. Kf1 Ne2 63. Bc7 Ke4 64. Bd8 g3 65. fxg3 Nxg3+ 66. Kf2 Ne2 67. Bb6 Kf4 68. Bd8 Kg4 69. Be7 Nf4 70. Bd8 Nd3+ 71. Kf1 Kg3 72. Be7 Nf4 73. Bd6 Kg4 74. Bxf4 Kxf4 75. Kf2 Kg4 76. Kg1 Kxh4 77.
Kf2 Kg4 78. Ke3 Kg3 0-1

[Event "*** Titled Tuesday 3|2 Blitz"]
[Site "Chess.com"]
[Date "2017.06.06"]
[Round "6"]
[White "Gordima"]
[Black "Squirlolz"]
[Result "1-0"]
[WhiteElo "2535"]
[BlackElo "2324"]
[TimeControl "180+2"]
[EndTime "15:09:43 PDT"]
[Termination "Gordima won by checkmate"]

1. Nf3 c5 2. c4 Nc6 3. Nc3 g6 4.
e3 Nf6 5. d4 cxd4 6. exd4 d5 7.
cxd5 Nxd5 8. Qb3 e6 9. Bb5 Bg7 10. Bg5 f6 11. Bd2 O-O 12. Bxc6 bxc6 13. O-O Rf7 14.
Rfe1 Rb7 15. Qc2 Nb4 16. Qe4 f5 17. Qb1 Bxd4 18. a3 Nd3 19. Bg5 Bxf2+ 20. Kf1 Qd6 21. Rd1 Rd7 22. Qxd3 Qxd3+ 23. Rxd3 Rxd3 24. Kxf2 Rb8 25.
Ra2 Ba6 26. Ne5 Rd6 27. b4 Bb7 28.
Be3 Ra8 29. Bc5 Rdd8 30. a4 a6 31. a5 Kg7 32. g3 Kf6 33. Nf3 e5 34. Rd2 Rxd2+ 35.
Nxd2 Rd8 36. Ke2 Bc8 37. Nc4 Be6 38. Nd6 g5 39. g4 h5 40. gxf5 Bxf5 41. Ke3 g4 42.
Nce4+ Bxe4 43. Nxe4+ Ke6 44. Bb6 Rd1 45. Nc5+ Kd5 46.
Nxa6 Rh1 47. Nc7+ Kd6 48. a6 Rxh2 49. a7 Rh3+ 50. Kf2 Rh2+ 51. Kg3 Rh3+ 52. Kg2 Ra3 53.
a8=Q Rxa8 54. Nxa8 Kd5 55. Kg3 Kc4 56. Bc5 e4 57. Nc7 e3 58. Bxe3 Kxb4 59. Ne6 Kc4 60.
Nc5 Kd5 61. Kh4 Ke5 62. Kxh5 g3 63. Kg4 g2 64. Kg3 Kd5 65. Kxg2 Kc4 66. Kf3 Kd5 67. Kf4 Kc4 68. Ke4 Kb5 69. Kd4 Kb4 70. Bd2+ Kb5 71.
Bc3 Kb6 72. Kc4 Kc7 73. Be5+ Kd8 74. Bd6 Kc8 75. Kb4 Kd8 76. Ka5 Ke8 77. Kb6 Kf7 78. Kxc6 Kg6 79. Kd5 Kf5 80. Be5 Kg4 81. Ke4 Kg5 82.
Ne6+ Kg4 83. Bf4 Kh3 84. Kf3 Kh4 85. Ng7 Kh3 86. Bg5 Kh2 87. Nf5 Kh3 88. Ng3 Kh2 89. Be3 Kh3 90. Bg1 Kh4 91. Ne4 Kh3 92. Ng5+ Kh4 93.
Kf4 Kh5 94. Kf5 Kh4 95. Bf2+ Kh5 96. Ne6 Kh6 97. Be1 Kh5 98. Ng7+ Kh6 99. Kf6 Kh7 100. Bd2 Kg8 101. Ne6 Kh7 102. Kf7 Kh8 103. Bc1 Kh7 104. Nf8+ Kh8 105. Bb2# 1-0

[Event "*** Titled Tuesday 3|2 Blitz"]
[Site "Chess.com"]
[Date "2017.06.06"]
[Round "6"]
[White "igorkovalenko"]
[Black "IIIlllII1llIl"]
[Result "1-0"]
[WhiteElo "2644"]
[BlackElo "2519"]
[TimeControl "180+2"]
[EndTime "15:09:45 PDT"]
[Termination "igorkovalenko won by resignation"]

1. e4 e5 2. Nf3 Nc6 3. Bb5 Nf6 4. d3 d6 5. O-O Be7 6. c3 O-O 7. Nbd2 a6 8. Ba4 b5 9. Bc2 Re8 10. Re1 Bf8 11. Nf1 h6 12. Ng3 d5 13. Qe2 d4 14.
Bd2 Be6 15. h3 Nd7 16. Rec1 a5 17. cxd4 Nxd4 18. Nxd4 exd4 19. f4 f5 20. exf5 Bxa2 21. Qf3 Bf7 22. Rxa5 Rxa5 23. Bxa5 Nc5 24. Qg4 Kh8 25.
Rf1 Nd7 26. Bd2 Nf6 27. Qd1 Bd5 28. Bb3 c5 29. Re1 Rxe1+ 30. Bxe1 c4 31. Bc2 Bc5 32. Kh2 Qc7 33. Bd2 Bd6 34. Qf1 c3 35. bxc3 dxc3 36. Be3 b4 37. Ne4 Be7 38. Bd4 b3 39. Bxb3 Bxb3 40. Nxc3 Bd6 41. Ne2 Bd5 42. Qf2 Qd7 43. Ng3 Qf7 44. Be5 Be7 45. d4 Kh7 46. Qe2 Bd8 47.
Nf1 Qb7 48. Ne3 Bf7 49. Ng4 Nd5 50. Qd3 Kg8 51. Qg3 Kf8 52. Bd6+ Ke8 53. Ne5 Bf6 54. Nxf7 Qxf7 55. Be5 Qd7 56. Qg6+ Kd8 57. Qh7 Qf7 58. Qh8+ Kd7 59. Qa8 Nc7 60. Qa4+ Kd8 61. Qc6 Qe7 62.
Kg3 Ne8 63. Kg4 Qd7 64. Qa8+ Ke7 65. Qa3+ Kf7 66. Qa2+ Kf8 67. Qc4 Nd6 68. Qe6 Qxe6 69. fxe6 Ne8 70. Kf5 Ke7 71. d5 Nd6+ 72. Kg6 Nc4 73.
Bxf6+ gxf6 74. Kxh6 Ne3 75. g4 f5 76. Kg5 Kd6 77. gxf5 Nxd5 78. h4 Ke7 79. h5 Nf6 80.
h6 Nh7+ 81. Kg6 Nf8+ 82. Kg7 Ke8 83. h7 Ke7 84. h8=Q Ng6 85. Kxg6 1-0

[Event "*** Titled Tuesday 3|2 Blitz"]
[Site "Chess.com"]
[Date "2017.06.06"]
[Round "6"]
[White "ANLex1963"]
[Black "dolynachess"]
[Result "1/2-1/2"]
[WhiteElo "2196"]
[BlackElo "2303"]
[TimeControl "180+2"]
[EndTime "15:12:43 PDT"]
[Termination "Game drawn by repetition"]

1. Nf3 Nf6 2. c4 c5 3. g3 g6 4. Bg2 Bg7 5. O-O O-O 6. d4 cxd4 7. Nxd4 Nc6 8. Nc3 Nxd4 9. Qxd4 d6 10. Bg5 a6 11. Qd2 Rb8 12. Rad1 Be6 13. b3 Re8 14. h3 Qa5 15. Bxf6 exf6 16. Nd5 Qc5 17. e3 f5 18.
Nf4 Be5 19. Bd5 b5 20. Bxe6 fxe6 21. Nd3 Qc7 22. Nxe5 dxe5 23. cxb5 axb5 24. Qd6 Qxd6 25. Rxd6 Re7 26. Rc1 b4 27. Rc4 Kf7 28. Ra6 e4 29. Ra4 Reb7 30. Kg2 Kf6 31. g4 h6 32. Kg3 Rb5 33.
h4 R8b6 34. Kf4 g5+ 35. Kg3 Rb8 36. gxf5 Kxf5 37. hxg5 hxg5 38. Rc6 Rd8 39. Raa6 Re5 40.
Rc4 Rd1 41. Rxb4 Rg1+ 42. Kh2 Ra1 43. Rba4 Kg4 44. Kg2 Rb1 45. R6a5 Rxa5 46. Rxa5 Rb2 47. Re5 Rxa2 48. Rxe4+ Kf5 49. Rb4 Rb2 50. Kf3 g4+ 51.
Kg3 e5 52. Rb6 Ke4 53. Rb4+ Kf5 54. Rb7 Rb1 55. Rf7+ Ke6 56. Rb7 Kf5 57. Kg2 Rb2 58. Rb4 Rb1 59. Kg3 Rg1+ 60. Kh2 Rb1 61. Kg2 Kg5 62.
Kg3 Rg1+ 63. Kh2 Rb1 64. Rb5 Kf5 65. Kg2 Ke4 66. Rb4+ Kf5 67. Rb8 Ke4 68. b4 Kd3 69.
b5 Ke2 70. b6 Rb2 71. Kg3 Ke1 72. b7 Ke2 73. Rf8 Rxb7 74. Kxg4 Kd3 75. Kf5 e4 76. Rd8+ Ke2 77. Kxe4 Re7+ 78. Kd5 Kxf2 79. e4 Kf3 80. e5 Kf4 81. Rf8+ Kg5 82. Kd6 Ra7 83. e6 Ra6+ 84. Kd7 Ra7+ 85. Ke8 Kg6 86. e7 Kg7 87.
Rf3 Ra8+ 88. Kd7 Ra7+ 89. Kd6 Ra6+ 90. Kd7 Ra7+ 91. Ke6 Ra6+ 92. Kd5 Ra5+ 93. Kc6 Ra8 94. Re3 Kf7 95. Kd7 Ra7+ 96. Kd8 Ra8+ 97. Kd7 Ra7+ 98. Kd8 Ra8+ 99. Kd7 1/2-1/2

[Event "*** Titled Tuesday 3|2 Blitz"]
[Site "Chess.com"]
[Date "2017.06.06"]
[Round "7"]
[White "Jadeit90"]
[Black "Schemato"]
[Result "0-1"]
[WhiteElo "2142"]
[BlackElo "2297"]
[TimeControl "180+2"]
[EndTime "15:14:58 PDT"]
[Termination "Schemato won by resignation"]

1. e4 e6 2. d4 d5 3. Nd2 Be7 4.
Ngf3 Nf6 5. Bd3 c5 6. dxc5 O-O 7. Qe2 a5 8. O-O Na6 9. c6 bxc6 10. c3 Nc5 11. Bc2 Ba6 12. Qe3 Bxf1 13. Kxf1 dxe4 14. Nxe4 Ncxe4 15. Bxe4 Nxe4 16. Qxe4 Qd5 17. Ne1 0-1

[Event "*** Titled Tuesday 3|2 Blitz"]
[Site "Chess.com"]
[Date "2017.06.06"]
[Round "7"]
[White "Vamostodorecto"]
[Black "dtn70"]
[Result "1-0"]
[WhiteElo "2323"]
[BlackElo "2199"]
[TimeControl "180+2"]
[EndTime "15:16:19 PDT"]
[Termination "Vamostodorecto won by resignation"]

1. d4 d6 2. c4 e5 3. Nf3 e4 4. Ng5 f5 5. Nc3 Nf6 6. h4 g6 7. Bf4 Bg7 8. e3 O-O 9. Be2 h6 10. Nh3 c6 11. Bg3 Be6 12. Nf4 Bf7 13. d5 c5 14. Ne6 Bxe6 15. dxe6 Qe8 16. Qxd6 Nc6 17. Nd5 Rd8 18. Qxc5 Qxe6 19. Rd1 b6 20.
Qxc6 1-0

[Event "*** Titled Tuesday 3|2 Blitz"]
[Site "Chess.com"]
[Date "2017.06.06"]
[Round "7"]
[White "WeiYi1999"]
[Black "XDPS"]
[Result "1-0"]
[WhiteElo "2142"]
[BlackElo "2491"]
[TimeControl "180+2"]
[EndTime "15:16:21 PDT"]
[Termination "WeiYi1999 won by resignation"]

1. e4 c5 2. Nf3 d6 3. Bb5+ Nd7 4.
d4 cxd4 5. Qxd4 a6 6. Bxd7+ Bxd7 7. O-O e5 8. Qd3 h6 9. c4 Nf6 10. b3 b5 11. Nc3 bxc4 12. bxc4 Be7 13. Be3 O-O 14. Rab1 Be6 15. Nd2 Qa5 16. Bb6 Qa3 17.
Rb3 d5 18. Rxa3 dxe4 19. Ncxe4 Nxe4 1-0

[Event "*** Titled Tuesday 3|2 Blitz"]
[Site "Chess.com"]
[Date "2017.06.06"]
[Round "7"]
[White "DiamondCrusher22"]
[Black "goingin33"]
[Result "0-1"]
[WhiteElo "2009"]
[BlackElo "2184"]
[TimeControl "180+2"]
[EndTime "15:16:42 PDT"]
[Termination "goingin33 won by resignation"]

1. e4 e6 2. d4 d5 3. e5 c5 4. c3 Nc6 5. Nf3 Bd7 6. a3 f6 7.
exf6 Nxf6 8. Bd3 cxd4 9. cxd4 Bd6 10. O-O O-O 11. Bg5 Qc7 12. Nc3 a6 13. h3 Rae8 14.
Rc1 Re7 15. Qb3 Be8 16. Rfe1 Bh5 17. Bxf6 Rxf6 18. Nxd5 exd5 19. Qxd5+ Bf7 20. Bxh7+ Kxh7 21. Ng5+ Kg8 22. Nxf7 Rfxf7 0-1

[Event "*** Titled Tuesday 3|2 Blitz"]
[Site "Chess.com"]
[Date "2017.06.06"]
[Round "7"]
[White "FastChance"]
[Black "Ivan11Martic"]
[Result "0-1"]
[WhiteElo "2474"]
[BlackElo "2402"]
[TimeControl "180+2"]
[EndTime "15:18:16 PDT"]
[Termination "Ivan11Martic won by checkmate"]

1. d4 Nf6 2. Bf4 g6 3. e3 Bg7 4. Nf3 d6 5. Be2 O-O 6. h3 b6 7. O-O Bb7 8. a4 a6 9. Re1 Nbd7 10. c3 c5 11. Nbd2 Qc7 12. Bh2 Rac8 13. Bd3 Qb8 14. e4 cxd4 15. cxd4 e5 16. Qe2 exd4 17. Bxa6 Bxa6 18. Qxa6 Rfe8 19. Nxd4 Nc5 20. Qb5 Nfxe4 21.
Nxe4 Nxe4 22. Nc6 Qc7 23. Rac1 Bd4 24. Re2 Bc5 25. Nb4 Bxf2+ 26. Rxf2 Qxc1+ 27. Rf1 Qe3+ 28. Kh1 Nf2+ 29. Kg1 Nxh3+ 30. Kh1 Nf2+ 31. Kg1 Nd3+ 32. Kh1 Nxb4 33. Qxb4 Rc1 34. Rxc1 Qxc1+ 35. Bg1 Re5 36. Qxb6 Rh5# 0-1

[Event "*** Titled Tuesday 3|2 Blitz"]
[Site "Chess.com"]
[Date "2017.06.06"]
[Round "7"]
[White "TrickyTrapChess"]
[Black "robbykevlishvili"]
[Result "1-0"]
[WhiteElo "2283"]
[BlackElo "2112"]
[TimeControl "180+2"]
[EndTime "15:18:58 PDT"]
[Termination "TrickyTrapChess won by checkmate"]

1. c4 c6 2. d4 d5 3. cxd5 cxd5 4.
Nc3 Nf6 5. Nf3 Nc6 6. Bf4 Nh5 7. Bd2 e6 8. e3 Bd6 9. Bd3 Nf6 10. O-O O-O 11. Re1 e5 12. dxe5 Nxe5 13. Nxe5 Bxe5 14. Rc1 Bxh2+ 15. Kxh2 Ng4+ 16. Kg3 Ne5 17. Bxh7+ Kxh7 18. Qh5+ Kg8 19. Qxe5 Re8 20. Qf4 Re6 21. f3 Rf6 22. Qd4 Rg6+ 23. Kf2 Qg5 24. Rg1 Qg3+ 25. Ke2 b6 26. Nxd5 Ba6+ 27. Kd1 Re8 28. Ne7+ Rxe7 29. Qd8+ Kh7 30. Rh1+ Rh6 31. Rxh6+ Kxh6 32. Qxe7 Qf2 33. Kc2 Qe2 34. e4+ Kg6 35. Qg5+ Kh7 36. Rh1+ Kg8 37.
Qd8# 1-0

[Event "*** Titled Tuesday 3|2 Blitz"]
[Site "Chess.com"]
[Date "2017.06.06"]
[Round "7"]
[White "jcibarra"]
[Black "Quiet_Desperation"]
[Result "1-0"]
[WhiteElo "2641"]
[BlackElo "1981"]
[TimeControl "180+2"]
[EndTime "15:19:12 PDT"]
[Termination "jcibarra won by resignation"]

1. e4 Nc6 2. Nf3 d6 3. d4 Nf6 4. Nc3 d5 5. e5 Ne4 6. Bd3 Bf5 7. O-O e6 8. Ne2 Be7 9. Ne1 h6 10. c3 Qd7 11. f3 Ng5 12. Ng3 O-O-O 13. Nxf5 exf5 14.
b4 Rdg8 15. Qc2 g6 16. a4 Kb8 17. a5 Nd8 18. b5 c5 19. bxc6 Nxc6 20. Qb3 Ka8 21. Nc2 h5 22. Bd2 h4 23. h3 Ne6 24. Rfb1 Ned8 25. Ne3 Bg5 26. Nxd5 Bxd2 27. Nb6+ axb6 28. axb6+ Kb8 29. Qa2 Kc8 30. Qxd2 Nb8 31. Rb5 g5 32. Rc5+ Ndc6 33. d5 Rh6 34. Ra8 Qe7 35.
Bxf5+ Kd8 36. dxc6+ 1-0

[Event "*** Titled Tuesday 3|2 Blitz"]
[Site "Chess.com"]
[Date "2017.06.06"]
[Round "7"]
[White "ViIIagra"]
[Black "1lec"]
[Result "1-0"]
[WhiteElo "2592"]
[BlackElo "2045"]
[TimeControl "180+2"]
[EndTime "15:19:28 PDT"]
[Termination "ViIIagra won by resignation"]

1. d4 Nf6 2. c4 g6 3. Nc3 d5 4.
cxd5 Nxd5 5. e4 Nxc3 6. bxc3 Bg7 7. Nf3 c5 8. Be3 O-O 9. Be2 Qa5 10. O-O Rd8 11. Qb3 b6 12. Rfd1 cxd4 13. cxd4 Ba6 14.
Bd2 Qh5 15. Ng5 Qxe2 16. Qxf7+ Kh8 17. Ne6 Rg8 18. Nxg7 Rxg7 19. Qf8+ Rg8 20. Qxe7 Qc4 21. Bh6 Nd7 22. Qxd7 Rad8 23. Bg7+ Rxg7 24. Qxd8+ Rg8 25. Qf6+ Rg7 26. d5 Qxe4 27. d6 1-0

[Event "*** Titled Tuesday 3|2 Blitz"]
[Site "Chess.com"]
[Date "2017.06.06"]
[Round "7"]
[White "angieflynn"]
[Black "the_drake"]
[Result "0-1"]
[WhiteElo "1773"]
[BlackElo "2127"]
[TimeControl "180+2"]
[EndTime "15:19:33 PDT"]
[Termination "the_drake won by resignation"]

1. Nf3 Nf6 2. c4 g6 3. g3 Bg7 4. Bg2 O-O 5. O-O c6 6. d3 h5 7. Nc3 d5 8. cxd5 cxd5 9. Qb3 Nc6 10. Bg5 e6 11. e4 d4 12. Ne2 e5 13. Nd2 Rb8 14.
f4 Be6 15. Qb5 Qa5 16. Qxa5 Nxa5 17. fxe5 Nd7 18. Bf6 Nxe5 19. Bxg7 Kxg7 20. Nxd4 Nxd3 21. Nxe6+ fxe6 22. b3 Rbc8 23. Rxf8 Kxf8 24. Rf1+ Ke7 25. b4 Nxb4 26. Rb1 Rc2 27. Rxb4 Rxd2 28. Ra4 b6 29. Kf1 Kd6 30. Ra3 Ke5 31. Bf3 Kd4 32. h3 Rd3 33. Ra4+ Ke3 34. Be2 Rc3 35. e5 Rc1+ 36.
Kg2 Kxe2 37. Rd4 Rc5 38. Re4+ Kd3 39. Kf3 Nc4 40. Kf4 b5 41. g4 hxg4 42. h4 b4 0-1

[Event "*** Titled Tuesday 3|2 Blitz"]
[Site "Chess.com"]
[Date "2017.06.06"]
[Round "7"]
[White "Rating-Schmating"]
[Black "proxy6"]
[Result "0-1"]
[WhiteElo "2313"]
[BlackElo "2304"]
[TimeControl "180+2"]
[EndTime "15:19:35 PDT"]
[Termination "proxy6 won by checkmate"]

1. e4 c5 2. Nf3 d6 3. d4 cxd4 4.
Nxd4 Nf6 5. Nc3 Nc6 6. Be3 e5 7. Nde2 Be7 8. h3 Be6 9. g4 d5 10. exd5 Nxd5 11. Bg2 Nxe3 12. Qxd8+ Rxd8 13. fxe3 Bh4+ 14.
Kf1 Rd2 15. Ne4 Rxc2 16. Nd6+ Ke7 17. Nxb7 Bc4 18. Bf3 e4 19. Bxe4 Bxe2+ 20. Kg1 Rxb2 21. Bxc6 Rc8 22. Be4 Ba6 23. Na5 Bf2+ 24. Kg2 Be1+ 25. Kf3 Bxa5 26. Rac1 Be2+ 27. Kg3 Rd8 28. Rc5 Bb6 29.
Re5+ Kf8 30. Re1 Bc7 31. Kf4 Bxe5+ 32. Kxe5 Rxa2 33. Bxh7 g6 34. Kf6 Rd6+ 35. Ke5 Re6+ 36. Kd5 Kg7 37. Bxg6 Kxg6 38. h4 Rxe3 39. h5+ Kh6 40.
Rh1 Bf3+ 41. Kd4 Re4+ 42. Kd3 Bxh1 43. g5+ Kxg5 44. h6 Kxh6 45. Kc3 Rh2 46. Kb3 Rg4 47. Kc3 Rh3+ 48. Kd2 Be4 49. Ke2 Rg2+ 50. Kf1 Rh1# 0-1

[Event "*** Titled Tuesday 3|2 Blitz"]
[Site "Chess.com"]
[Date "2017.06.06"]
[Round "7"]
[White "Fy_Rakotomaharo"]
[Black "aa175"]
[Result "1-0"]
[WhiteElo "2399"]
[BlackElo "1881"]
[TimeControl "180+2"]
[EndTime "15:19:38 PDT"]
[Termination "Fy_Rakotomaharo won by checkmate"]

1. e4 e5 2. Nf3 Nc6 3. Bb5 Nf6 4.
O-O Bc5 5. c3 d5 6. exd5 Qxd5 7.
d4 exd4 8. cxd4 Bb4 9. Qa4 a5 10. a3 Bd6 11. Nc3 Qh5 12. Bxc6+ Bd7 13. Bxd7+ Nxd7 14. Re1+ Kd8 15. Bg5+ f6 16. Bh4 Nb6 17. Qb5 Qxb5 18. Nxb5 Kd7 19. Nxd6 Kxd6 20. Bg3+ Kd7 21. Rac1 c6 22. Nd2 Rhe8 23. Ne4 Nd5 24. Nc5+ Kd8 25.
Nxb7+ Kd7 26. Nc5+ Kd8 27. Ne6+ Kd7 28. Nxg7 Rxe1+ 29. Rxe1 Rb8 30. Bxb8 Kc8 31. Re8+ Kb7 32. Ne6 Ka6 33. a4 Kb6 34. Nc5 Ne7 35. Rxe7 f5 36. Ba7# 1-0

[Event "*** Titled Tuesday 3|2 Blitz"]
[Site "Chess.com"]
[Date "2017.06.06"]
[Round "7"]
[White "Colombiano07"]
[Black "jeaston1"]
[Result "1-0"]
[WhiteElo "2292"]
[BlackElo "2150"]
[TimeControl "180+2"]
[EndTime "15:19:45 PDT"]
[Termination "Colombiano07 won on time"]

1. e4 c5 2. Nf3 Nc6 3. d4 cxd4 4.
Nxd4 Nf6 5. Nc3 e5 6. Ndb5 d6 7. Bg5 a6 8. Na3 b5 9. Nd5 Be7 10. Bxf6 Bxf6 11. c4 b4 12. Nc2 a5 13. Be2 O-O 14.
O-O Be6 15. Bg4 Bg5 16. g3 Bh6 17. Kg2 Qg5 18. h3 Kh8 19. Bxe6 fxe6 20. Nc7 Qe7 21. Nxa8 Rxa8 22. Qd3 Rd8 23. a3 b3 24. Qxb3 Rb8 25. Qc3 Qb7 26. b4 axb4 27. axb4 g6 28. b5 Nd4 29.
Nxd4 exd4 30. Qd3 Bg7 31. Ra6 d5 32. exd5 exd5 33. c5 Be5 34. Re1 1-0

[Event "*** Titled Tuesday 3|2 Blitz"]
[Site "Chess.com"]
[Date "2017.06.06"]
[Round "7"]
[White "Hikaru"]
[Black "tigra"]
[Result "1-0"]
[WhiteElo "2918"]
[BlackElo "2641"]
[TimeControl "180+2"]
[EndTime "15:19:46 PDT"]
[Termination "Hikaru won by resignation"]

1. d4 Nf6 2. c4 g6 3. Nf3 Bg7 4.
e3 O-O 5. Be2 d6 6. O-O Qe8 7.
Nc3 e5 8. b4 exd4 9. exd4 a5 10.
b5 c5 11. bxc6 Nxc6 12. Nb5 Qd8 13. Bf4 Ne4 14. Bd3 f5 15. Re1 h6 16. Bxe4 fxe4 17.
Rxe4 d5 18. cxd5 Qxd5 19. Nc3 Qf7 20. Bd6 Rd8 21. Ne5 Qf5 22. Nxc6 bxc6 23. Be5 Bf8 24.
Rf4 Qe6 25. Ne4 Bg7 26. Nf6+ Kh8 27. Qc2 Qf7 28. Nh5 Bf5 29. Nxg7 Rxd4 30. Nxf5+ 1-0

[Event "*** Titled Tuesday 3|2 Blitz"]
[Site "Chess.com"]
[Date "2017.06.06"]
[Round "7"]
[White "stefanodinn"]
[Black "chessking2151"]
[Result "0-1"]
[WhiteElo "2260"]
[BlackElo "2340"]
[TimeControl "180+2"]
[EndTime "15:19:49 PDT"]
[Termination "chessking2151 won on time"]

1. Nf3 Nf6 2. c4 e6 3. g3 Be7 4. Bg2 O-O 5. O-O d5 6. d4 dxc4 7. Qc2 b5 8. a4 b4 9. Ne5 Qxd4 10.
Bxa8 Qxe5 11. Bf4 Qc5 12. Bg2 Nd5 13. Bd2 Nc6 14. e4 Nd4 15. Qd1 Nb6 16. Be3 e5 17.
a5 Nd7 18. Nd2 Ba6 19. Re1 c3 20. Nb3 c2 21. Qc1 Nxb3 22. Bxc5 Nxc1 23. Bxe7 Ne2+ 24.
Rxe2 Bxe2 25. Bxf8 Kxf8 26. Bf1 Bd1 27. Rc1 Nc5 28.
Bc4 f5 29. exf5 e4 30. Kf1 Nd3 31. Bxd3 exd3 32. Ke1 Ke7 33. Kd2 Be2 34. Ke3 c5 35. f4 c4 36. g4 c3 37. bxc3 bxc3 38. Ra1 d2 0-1

[Event "*** Titled Tuesday 3|2 Blitz"]
[Site "Chess.com"]
[Date "2017.06.06"]
[Round "7"]
[White "metalbattler"]
[Black "Jahonas"]
[Result "1-0"]
[WhiteElo "2039"]
[BlackElo "2191"]
[TimeControl "180+2"]
[EndTime "15:19:57 PDT"]
[Termination "metalbattler won by resignation"]

1. e4 c6 2. d4 d5 3. exd5 cxd5 4.
Bd3 Nf6 5. c3 Nc6 6. Bf4 Bg4 7.
Qb3 Qd7 8. Nd2 e6 9. Ngf3 Be7 10.
O-O O-O 11. Ne5 Nxe5 12. Bxe5 a6 13. Rae1 Bh5 14. a4 Bg6 15. Bxg6 hxg6 16. h4 b5 17. axb5 Qxb5 18. Ra1 Qd3 19. Nf3 Ng4 20. Bg3 Qf5 21.
Qb7 Bf6 22. Rxa6 Rxa6 23. Qxa6 Qh5 24. b4 Nh6 25. b5 Nf5 26. b6 Nxg3 27. fxg3 Qh8 28.
Ne5 Kh7 29. b7 Bxe5 30. dxe5 Qg8 31. Qd6 Rd8 32. Qc7 1-0

[Event "*** Titled Tuesday 3|2 Blitz"]
[Site "Chess.com"]
[Date "2017.06.06"]
[Round "7"]
[White "AdrianaNikolova"]
[Black "SabinaFoisor"]
[Result "0-1"]
[WhiteElo "2313"]
[BlackElo "2284"]
[TimeControl "180+2"]
[EndTime "15:20:00 PDT"]
[Termination "SabinaFoisor won by checkmate"]

1. e4 e5 2. Nf3 Nc6 3. Bb5 a6 4.
Ba4 Nf6 5. O-O Be7 6. Re1 b5 7. Bb3 O-O 8. h3 d6 9. c3 Bb7 10. a4 Re8 11. Qe2 b4 12. a5 Rb8 13. Qc4 Rf8 14. Ng5 Qe8 15. cxb4 Nd4 16. Nc3 h6 17. Nf3 Nxf3+ 18. gxf3 Bc8 19. Kg2 Be6 20. Nd5 c6 21. Nxe7+ Qxe7 22. Qc3 Nh5 23. d3 f5 24. Bxe6+ Qxe6 25. Qxc6 fxe4 26. fxe4 Qg6+ 27. Kf1 Ng3+ 28. Kg2 Nxe4+ 29.
Kh1 Rf3 30. Qd7 Nxf2+ 31. Kh2 Qg3# 0-1